Map: Ever Dream LE

Players

GOStephano (Stephano) - Winner!

  • Race: Zerg Zerg
  • League: Grandmaster
  • Spawn Location: 1:00

Lambo

  • Race: Zerg Zerg
  • League: Grandmaster
  • Spawn Location: 7:00

Event: DreamHack SC2 Masters 2020 Summer Europe

VOD

Have the link to the VOD?

Description

Time

  • Played on: June 25, 2020, 12:20 p.m.
  • Length: 5:40

All games in this series

Show
View Real Time Build Order
Export as new Build Order

GOStephano Zerg - Winner!

Build Orders: Hatch First 

Get SALT Encoding   

  12  0:00  Drone  
  13  0:12  Overlord  
  13  0:17  Drone  
  14  0:30  Drone  
  15  0:43  Hatchery  
  15  0:47  Drone  
  15  0:51  Drone  
  15  0:54  Drone  
  17  1:08  Spawning Pool  
  16  1:11  Extractor  
  16  1:13  Drone  
  16  1:17  Drone  
  17  1:20  Drone  
  18  1:55  Queen  
  18  1:56  Zergling x8  
  18  2:00  Spine Crawler  
  23  2:07  Zergling x4  
  24  2:20  Zergling x2  
  20  2:36  Zergling x2  
  20  2:41  Zergling x2  
  20  2:49  Zergling x2  
  21  3:05  Zergling x2  
  21  5:25  Extractor  
Show
View Real Time Build Order
Export as new Build Order

Lambo Zerg 

Build Orders: Pool Only 

Get SALT Encoding   

  12  0:16  Spawning Pool  
  11  0:21  Drone  
  11  0:26  Drone  
  13  0:30  Drone  
  14  0:39  Overlord  
  14  1:03  Zergling x4  
  16  1:05  Zergling x2  
  17  1:16  Zergling x2  
  18  1:26  Zergling x2  
  19  1:37  Zergling x2  
  20  1:54  Spine Crawler  
  20  1:55  Spine Crawler  
  20  1:56  Spine Crawler  
  20  2:01  Zergling x2  
  18  2:23  Zergling x2  
  17  2:35  Zergling x2  
  15  2:51  Zergling x2  
  16  3:22  Spine Crawler  
  15  3:36  Zergling x4  
Tags
 
Add a new tag
Caveats
  • Supply blocks, unpowered buildings, or Contaminate may cause inaccurate times.
  • Supply counts are checked every 10 seconds.